 Dungeon Crawl Stone Soup version 0.25.1-9-gc5326a611f (webtiles) character file.

Game seed: 16820860778063703519

73 DumpfeFlamme the Cudgeler (level 4, 10/52 HPs)
             Began as a Demonspawn Berserker on Aug 7, 2021.
             Was a Believer of Trog.
             Quit the game on level 2 of the Dungeon.
             The game lasted 00:04:53 (1606 turns).

DumpfeFlamme the Cudgeler (Demonspawn Berserker)    Turns: 1606, Time: 00:04:54

Health: 10/52      AC:  8    Str: 17    XL:     4   Next: 8%
Magic:  4/4        EV: 10    Int:  9    God:    Trog [**....]
Gold:   132        SH:  0    Dex: 13    Spells: 3/3 levels left

rFire    . . .     SeeInvis .   a - +1 mace
rCold    . . .     Gourm    .   (no shield)
rNeg     . . .     Faith    .   h - +0 scale mail
rPois    .         Spirit   .   (no helmet)
rElec    .         Reflect  .   (no cloak)
rCorr    .         Harm     .   (no gloves)
MR       .....                  (no boots)
Stlth    ..........             (no amulet)
HPRegen  0.17/turn              (no ring)
MPRegen  0.09/turn              (no ring)

@: berserking (expiring), very quick
A: hooves 1, slimy green scales 1
a: Berserk, Trog's Hand, Renounce Religion


You were on level 2 of the Dungeon.
You worshipped Trog.
Trog was pleased with you.
You were very hungry.

You visited 1 branch of the dungeon, and saw 2 of its levels.

You collected 132 gold pieces.

Inventory:

Hand Weapons
 a - a +1 mace (weapon)
Armour
 h - a +0 scale mail (worn)
Scrolls
 d - 3 scrolls of enchant weapon
 f - 2 scrolls of teleportation
Potions
 b - a potion of resistance {unknown}
 e - a potion of berserk rage {unknown}
 i - 2 potions of ambrosia {unknown}
 j - a potion of degeneration {unknown}
Comestibles
 c - 2 rations
 g - a chunk of flesh


   Skills:
 + Level 3.4 Fighting
 * Level 3.5 Maces & Flails
 + Level 2.3 Armour
 + Level 2.3 Dodging


You had 3 spell levels left.
You didn't know any spells.
Your spell library was empty.

Dungeon Overview and Level Annotations

Branches:
Dungeon (2/15)

Altars:


Innate Abilities, Weirdness & Mutations

You have large cloven feet.
You are partially covered in slimy green scales. (AC +2)


Message History

You hit the gnoll.
The gnoll is severely wounded.
The gnoll hits you with a +0 halberd.
You closely miss the gnoll. You kick the gnoll.
You kill the gnoll!
Trog accepts your kill. The gnoll completely misses you.
Things that are here:
a +0 halberd; a gnoll corpse You barely miss the gnoll.
Your kick misses the gnoll. The gnoll hits you with a +0 flail.
* * * LOW HITPOINT WARNING * * *
You sock the gnoll!
You kill the gnoll!
Trog accepts your kill.
You have reached level 4!
You feel clever.
Your demonic ancestry asserts itself...
Slimy green scales grow over part of your body.
Unknown command.
Are you sure you want to abandon this character and quit the game? (Confirm with "yes".)

#.#.# ...#..[. #.#.#
###.####. #.#.# #........
###.#.### #.#.#...<
....#...# #.#.... #######.#
#.#.##. #.# #.#..#. #.#
#.###############.#..#. #.#
#....g@.....รท.....#..#.
#.########################.
#..........................
#.###############.#########
### ###


You could see a gnoll.

Vanquished Creatures
  2 gnolls (D:2)
  An adder (D:2)
  An ooze (D:1)
  A worm (D:2)
  3 bats
  3 giant cockroaches (D:1)
  2 goblins (D:2)
  3 hobgoblins (D:1)
  4 jackals (D:2)
  6 kobolds (D:1)
  A quokka (D:2)
  5 frilled lizards
  7 rats
39 creatures vanquished.

Notes
Turn   | Place    | Note
-------+----------+-------------------------------------------
     0 | D:1      | DumpfeFlamme the Demonspawn Berserker began the quest for
                  | the Orb.
     0 | D:1      | Reached XP level 1. HP: 18/18 MP: 1/1
   152 | D:1      | Gained mutation: You have large cloven feet. [demonic
                  | ancestry]
   152 | D:1      | Reached XP level 2. HP: 7/24 MP: 2/2
   736 | D:1      | Reached ** piety under Trog
   925 | D:2      | Reached XP level 3. HP: 26/29 MP: 3/3
  1605 | D:2      | Gained mutation: You are partially covered in slimy green
                  | scales. (AC +2) [demonic ancestry]
  1605 | D:2      | Reached XP level 4. HP: 10/35 MP: 4/4
  1606 | D:2      | Quit the game

Illustrated notes

Levels and vault maps discovered:
D:1:      mrwooster_arrival_statue_2, layout_basic
D:2:      layout_basic

Skill      XL: |  1  2 |
---------------+-------+-----
Dodging        | 2 |  2.3
Armour         | 2 |  2.3
Maces & Flails | 3 |  3.5
Fighting       | |  3.4

Action                   |  1- 3 |  4- 6 || total
-------------------------+-------+-------++-------
Melee: Mace              |   120 |       ||   120
       Kick              |    14 |       ||    14
Invok: Berserk           |     1 |       ||     1
  Use: Scroll            |     6 |       ||     6
  Eat: Chunk             |     2 |       ||     2
Armor: Leather armour    |    37 |       ||    37
       Animal skin       |     1 |       ||     1
       Scale mail        |     2 |       ||     2
Dodge: Dodged            |    95 |       ||    95
